SKY
PITTSBURGH PIRATES @ MINNESOTA TWINS
05/04/2052
 
TOP OF THE 1ST
Pittsburgh Pirates batting - Pitching for Minnesota Twins : RHP Jaiden Fenner
Pitching: RHP Jaiden Fenner
Batting: RHB David Dudley 0-0: Ball
1-0: Ball
2-0: Ball
3-0: Ground out 5-3 (Groundball, 56S, EV 68.1 MPH)
Batting: RHB Andy Kiser 0-0: Ball
1-0: Called Strike
1-1: Ball
2-1: Called Strike
2-2: Strikes out swinging
Batting: LHB P.J. Rey 0-0: Ball
1-0: Called Strike
1-1: Ball
2-1: Fly out, F6 (Popup, 6, EV 81.3 MPH)
Top of the 1st over - 0 runs, 0 hits, 0 errors, 0 left on base; Pittsburgh 0 - Minnesota 0
BOTTOM OF THE 1ST
Minnesota Twins batting - Pitching for Pittsburgh Pirates : RHP Rubin Morrison
Pitching: RHP Rubin Morrison
Batting: LHB Dan Crain 0-0: Ball
1-0: Foul Ball, location: 2F
1-1: Called Strike
1-2: Ground out 4-3 (Groundball, 4D, EV 102.5 MPH)
Batting: RHB Samuel Everhart 0-0: Swinging Strike
0-1: Ball
1-1: SINGLE (Groundball, 5L, EV 101.3 MPH) (infield hit)
Batting: LHB Archer Charles 0-0: Called Strike
0-1: Ball
Wild Pitch!
Samuel Everhart to second
1-1: Ball
2-1: Foul Ball, location: 2F
2-2: Ball
3-2: Foul Ball, location: 9LMFF
3-2: Base on Balls
Batting: RHB Zachary Dahdal 0-0: Ball
1-0: Foul Ball, location: 2F
1-1: Swinging Strike
1-2: Foul Ball, location: 2F
1-2: Ball
2-2: SINGLE (Line Drive, 7S, EV 87.5 MPH)
Samuel Everhart to third
Archer Charles to second
Batting: LHB Stanfield Reaves 0-0: Ball
1-0: Called Strike
1-1: Swinging Strike
1-2: Strikes out swinging
Batting: RHB Raul Cathey 0-0: Called Strike
0-1: Foul Ball, location: 2F
0-2: Ball
1-2: Ball
2-2: Foul Ball, location: 2F
2-2: Ball
3-2: Foul Ball, location: 3SF
3-2: Foul Ball, location: 2RF
3-2: SINGLE (Line Drive, 78S, EV 109.4 MPH)
Samuel Everhart scores
Archer Charles to third
Zachary Dahdal to second
Archer Charles scores
Zachary Dahdal to third
Batting: LHB Rusty Holmes 0-0: Called Strike
0-1: Ball
1-1: Ball
2-1: Ball
3-1: Base on Balls
Raul Cathey to second
Batting: RHB Nick Haftel 0-0: Called Strike
0-1: Ground out U3 (Groundball, 13, EV 83.1 MPH)
Bottom of the 1st over - 2 runs, 3 hits, 0 errors, 3 left on base; Pittsburgh 0 - Minnesota 2
TOP OF THE 2ND
Pittsburgh Pirates batting - Pitching for Minnesota Twins : RHP Jaiden Fenner
Batting: LHB Eric Gehman 0-0: Ball
1-0: Ball
2-0: Called Strike
2-1: SINGLE (Groundball, 6MD, EV 95.0 MPH)
Batting: RHB Chet Ross 0-0: Ball
1-0: Called Strike
1-1: Foul Ball, location: 3FF
1-2: Foul Ball, location: 2F
1-2: Strikes out swinging
Batting: LHB Domingo Andres 0-0: Foul Ball, location: 3F
0-1: Ball
1-1: Ball
2-1: Ball
3-1: Base on Balls
Eric Gehman to second
Batting: RHB Caleb Phillips 0-0: Ball
1-0: Foul Ball, location: 9LSF
1-1: Single, Error in OF, E9, batter to second base (Line Drive, 9LS, EV 90.0 MPH)
Eric Gehman scores
Domingo Andres to third
Batting: RHB Uriel Roberts 0-0: Ground out 4-3 (Groundball, 4S, EV 88.8 MPH)
Domingo Andres scores
Caleb Phillips to third
Batting: RHB Gael Rumley 0-0: Called Strike
0-1: Called Strike
0-2: Strikes out swinging
Top of the 2nd over - 2 runs, 2 hits, 1 error, 1 left on base; Pittsburgh 2 - Minnesota 2
BOTTOM OF THE 2ND
Minnesota Twins batting - Pitching for Pittsburgh Pirates : RHP Rubin Morrison
Batting: RHB Isiah Crudup 0-0: Ball
1-0: Ball
2-0: Called Strike
2-1: Fly out, F9 (Flyball, 89M, EV 89.4 MPH)
Batting: LHB Dan Crain 0-0: Ground out 6-3 (Groundball, 6D, EV 80.6 MPH)
Batting: RHB Samuel Everhart 0-0: Called Strike
0-1: Ball
1-1: Ball
2-1: Ball
3-1: Fly out, F3 (Popup, 3L, EV 70.0 MPH)
Bottom of the 2nd over - 0 runs, 0 hits, 0 errors, 0 left on base; Pittsburgh 2 - Minnesota 2
TOP OF THE 3RD
Pittsburgh Pirates batting - Pitching for Minnesota Twins : RHP Jaiden Fenner
Batting: RHB David Dudley 0-0: SINGLE (Groundball, 4MD, EV 83.1 MPH) (infield hit)
Batting: RHB Andy Kiser 0-0: Swinging Strike
0-1: Ball
1-1: Fly out, F4 (Flyball, 3D, EV 91.9 MPH)
Batting: LHB P.J. Rey 0-0: Foul Ball, location: 5FF
0-1: Called Strike
0-2: Ball
1-2: Foul Ball, location: 7LMF
1-2: Fly out, F5 (Popup, 5, EV 70.0 MPH)
Batting: LHB Eric Gehman 0-0: SINGLE (Line Drive, 5D, EV 98.8 MPH)
David Dudley to second
Batting: RHB Chet Ross 0-0: Ball
1-0: SINGLE (Flyball, 56D, EV 88.8 MPH)
David Dudley to third
Eric Gehman to second
Runner from 3rd tries for Home, SAFE, throw by LF to home
Batting: LHB Domingo Andres 0-0: Ball
1-0: Called Strike
1-1: Foul Ball, location: 2F
1-2: Foul Ball, location: 7LDF
1-2: Ball
2-2: Ball
3-2: Foul Ball, location: 2F
3-2: Base on Balls
Eric Gehman to third
Chet Ross to second
Batting: RHB Caleb Phillips 0-0: SINGLE (Line Drive, 7S, EV 110.0 MPH)
Eric Gehman scores
Chet Ross to third
Domingo Andres to second
Runner from 3rd tries for Home, SAFE, throw by LF to home
Pitching: RHP T.J. Hamilton
Batting: RHB Uriel Roberts 0-0: Ball
1-0: SINGLE (Groundball, 34D, EV 100.0 MPH)
Domingo Andres to third
Caleb Phillips to second
Runner from 3rd tries for Home, SAFE, throw by RF to home
Batting: RHB Gael Rumley 0-0: Ball
1-0: Fly out, F8 (Flyball, 8LD, EV 103.1 MPH)
Top of the 3rd over - 4 runs, 5 hits, 0 errors, 2 left on base; Pittsburgh 6 - Minnesota 2
BOTTOM OF THE 3RD
Minnesota Twins batting - Pitching for Pittsburgh Pirates : RHP Rubin Morrison
Batting: LHB Archer Charles 0-0: Ball
1-0: Called Strike
1-1: Ball
2-1: Ball
3-1: Ground out 4-3 (Groundball, 4, EV 106.9 MPH)
Batting: RHB Zachary Dahdal 0-0: Ball
1-0: Swinging Strike
1-1: Called Strike
1-2: Ball
2-2: Ball
3-2: Base on Balls
Batting: LHB Stanfield Reaves 0-0: Ball
1-0: Called Strike
1-1: Foul Ball, location: 2RF
1-2: Ball
2-2: Strikes out swinging
Batting: RHB Raul Cathey 0-0: Called Strike
0-1: Ball
1-1: Called Strike
1-2: Foul Ball, location: 9LDF
1-2: SINGLE (Line Drive, 8LS, EV 107.5 MPH)
Zachary Dahdal to second
Runner from 2nd tries for 3rd, SAFE, no throw by CF
Batting: LHB Rusty Holmes 0-0: Ball
1-0: Called Strike
1-1: SINGLE (Groundball, 4, EV 105.0 MPH)
Zachary Dahdal scores
Raul Cathey to second
Runner from 2nd tries for 3rd, SAFE, no throw by CF
Batting: RHB Nick Haftel 0-0: Ball
1-0: Called Strike
1-1: Ball
2-1: Ground out 5-3 (Groundball, 56S, EV 76.9 MPH)
Bottom of the 3rd over - 1 run, 2 hits, 0 errors, 2 left on base; Pittsburgh 6 - Minnesota 3
TOP OF THE 4TH
Pittsburgh Pirates batting - Pitching for Minnesota Twins : RHP T.J. Hamilton
Batting: RHB David Dudley 0-0: Ball
1-0: Ball
2-0: Called Strike
2-1: Ground out 6-3 (Groundball, 6, EV 78.8 MPH)
Batting: RHB Andy Kiser 0-0: Ball
1-0: Foul Ball, location: 9LMF
1-1: Called Strike
1-2: Ball
2-2: Ground out 6-3 (Groundball, 6, EV 89.4 MPH)
Batting: LHB P.J. Rey 0-0: Ball
1-0: Fly out, F6 (Popup, 15S, EV 91.3 MPH)
Top of the 4th over - 0 runs, 0 hits, 0 errors, 0 left on base; Pittsburgh 6 - Minnesota 3
BOTTOM OF THE 4TH
Minnesota Twins batting - Pitching for Pittsburgh Pirates : RHP Rubin Morrison
Batting: RHB Isiah Crudup 0-0: Called Strike
0-1: Ball
1-1: Foul Ball, location: 9LDF
1-2: Strikes out swinging
Batting: LHB Dan Crain 0-0: Ball
1-0: Ball
2-0: Ball
3-0: SINGLE (Line Drive, 78M, EV 91.9 MPH)
Batting: RHB Samuel Everhart 0-0: Ball
1-0: Ball
Dan Crain steals 2nd base
2-0: Foul Ball, location: 3FF
2-1: Ball
3-1: Called Strike
3-2: Base on Balls
Batting: LHB Archer Charles 0-0: Called Strike
0-1: Foul Ball, location: 2F
0-2: Foul Ball, location: 2F
0-2: SINGLE (Line Drive, 34D, EV 70.6 MPH)
Dan Crain to third
Samuel Everhart to second
Runner from 3rd tries for Home, SAFE, throw by RF to home
Pitching: LHP José Maria Santana
Batting: RHB Zachary Dahdal 0-0: Swinging Strike
0-1: Foul Ball, location: 9LDF
0-2: Strikes out swinging
Batting: LHB Stanfield Reaves 0-0: Ball
1-0: Ball
2-0: Foul Ball, location: 2F
2-1: Called Strike
2-2: Strikes out swinging
Bottom of the 4th over - 1 run, 2 hits, 0 errors, 2 left on base; Pittsburgh 6 - Minnesota 4
TOP OF THE 5TH
Pittsburgh Pirates batting - Pitching for Minnesota Twins : RHP T.J. Hamilton
Batting: LHB Eric Gehman 0-0: Ball
1-0: Ground out U3 (Groundball, 3, EV 85.6 MPH)
Batting: RHB Chet Ross 0-0: Ball
1-0: Ball
2-0: Swinging Strike
2-1: Ball
3-1: Foul Ball, location: 2LF
3-2: Foul Ball, location: 2F
3-2: DOUBLE (Line Drive, 7LM, EV 105.6 MPH)
Batting: LHB Domingo Andres 0-0: Foul Ball, location: 7LSF
0-1: Ball
1-1: Foul Ball, location: 2F
1-2: Strikes out swinging
Batting: RHB Caleb Phillips 0-0: Called Strike
0-1: Swinging Strike
0-2: Ball
1-2: Foul Ball, location: 2F
1-2: Ball
2-2: Strikes out swinging
Top of the 5th over - 0 runs, 1 hit, 0 errors, 1 left on base; Pittsburgh 6 - Minnesota 4
BOTTOM OF THE 5TH
Minnesota Twins batting - Pitching for Pittsburgh Pirates : LHP José Maria Santana
Batting: RHB Raul Cathey 0-0: Called Strike
0-1: SOLO HOME RUN (Flyball, 89XD, EV 103.8 MPH), Distance : 398 ft
Pinch Hitting: RHB Pinkney Hines 0-0: Ball
1-0: Ball
2-0: Ground out 6-3 (Groundball, 6MS, EV 91.3 MPH)
Batting: RHB Nick Haftel 0-0: Ball
1-0: Ball
2-0: Ball
3-0: Base on Balls
Batting: RHB Isiah Crudup 0-0: Ball
1-0: Called Strike
1-1: Ball
2-1: Swinging Strike
2-2: Strikes out looking
Batting: LHB Dan Crain 0-0: Called Strike
0-1: Ball
1-1: Foul Ball, location: 2F
1-2: Strikes out swinging
Bottom of the 5th over - 1 run, 1 hit, 0 errors, 1 left on base; Pittsburgh 6 - Minnesota 5
TOP OF THE 6TH
Pittsburgh Pirates batting - Pitching for Minnesota Twins : RHP T.J. Hamilton
Now at 3B: Isiah Crudup
Now at SS: Jake Sacco
Batting: RHB Uriel Roberts 0-0: Ball
1-0: Ball
2-0: Called Strike
2-1: SINGLE (Groundball, 4MD, EV 108.1 MPH)
Batting: RHB Gael Rumley 0-0: Called Strike
0-1: Called Strike
0-2: Fielders Choice at 2nd, 1-4 (Groundball, 15S, EV 66.9 MPH)
Batting: RHB David Dudley 0-0: Ball
1-0: Foul Ball, location: 2F
1-1: Ball
2-1: SINGLE (Groundball, 56, EV 108.8 MPH)
Gael Rumley to second
Batting: RHB Andy Kiser 0-0: Fielders Choice at 2nd, 5-4 (Groundball, 56, EV 98.8 MPH)
Gael Rumley to third
Batting: LHB P.J. Rey 0-0: Ball
1-0: DOUBLE (Line Drive, 78D, EV 105.6 MPH)
Gael Rumley scores
Andy Kiser to third
Batting: LHB Eric Gehman 0-0: Ball
1-0: Foul Ball, location: 7LMF
1-1: Ball
2-1: Foul Ball, location: 2F
2-2: Hit by Pitch
Batting: RHB Chet Ross 0-0: Called Strike
0-1: Called Strike
0-2: Foul Ball, location: 2F
0-2: Foul Ball, location: 2F
0-2: Ball
1-2: Foul Ball, location: 7LSF
1-2: Strikes out swinging
Top of the 6th over - 1 run, 3 hits, 0 errors, 3 left on base; Pittsburgh 7 - Minnesota 5
BOTTOM OF THE 6TH
Minnesota Twins batting - Pitching for Pittsburgh Pirates : LHP José Maria Santana
Batting: RHB Samuel Everhart 0-0: DOUBLE (Line Drive, 89XD, EV 103.8 MPH)
Batting: LHB Archer Charles 0-0: Swinging Strike
0-1: Ball
1-1: Foul Ball, location: 3FF
1-2: Strikes out looking
Batting: RHB Zachary Dahdal 0-0: Called Strike
0-1: Swinging Strike
0-2: Ball
1-2: Strikes out swinging
Batting: LHB Stanfield Reaves 0-0: Called Strike
0-1: Foul Ball, location: 3F
0-2: Ball
1-2: Ball
2-2: Fly out, F6 (Flyball, 56D, EV 88.8 MPH)
Bottom of the 6th over - 0 runs, 1 hit, 0 errors, 1 left on base; Pittsburgh 7 - Minnesota 5
TOP OF THE 7TH
Pittsburgh Pirates batting - Pitching for Minnesota Twins : RHP T.J. Hamilton
Pitching: LHP Waldo Tanner
Batting: LHB Domingo Andres 0-0: Called Strike
0-1: Called Strike
0-2: Ball
1-2: Strikes out swinging
Batting: RHB Caleb Phillips 0-0: Ball
1-0: Foul Ball, location: 3DF
1-1: Foul Ball, location: 2F
1-2: Ball
2-2: Ground out 5-3 (Groundball, 5S, EV 81.9 MPH)
Batting: RHB Uriel Roberts 0-0: Ground out 1-3 (Groundball, 15S, EV 65.0 MPH)
Top of the 7th over - 0 runs, 0 hits, 0 errors, 0 left on base; Pittsburgh 7 - Minnesota 5
BOTTOM OF THE 7TH
Minnesota Twins batting - Pitching for Pittsburgh Pirates : LHP José Maria Santana
Batting: RHB Raul Cathey 0-0: Called Strike
0-1: Ball
1-1: SINGLE (Groundball, 4MD, EV 101.9 MPH) (infield hit)
Batting: LHB Jake Sacco 0-0: Ball
1-0: Ball
2-0: SINGLE (Line Drive, 9S, EV 89.4 MPH)
Raul Cathey to second
Pitching: RHP Lucas Mills
Pinch Hitting: LHB Loren Cortez 0-0: Called Strike
0-1: Foul Ball, location: 2F
0-2: Ball
1-2: Ball
2-2: Strikes out swinging
Batting: RHB Isiah Crudup 0-0: Called Strike
0-1: Ball
1-1: Foul Ball, location: 2F
1-2: Ball
2-2: Ball
3-2: Fly out, F8 (Line Drive, 78M, EV 92.5 MPH)
Batting: LHB Dan Crain 0-0: Ball
1-0: Swinging Strike
1-1: Called Strike
1-2: Fly out, F6 (Popup, 6D, EV 56.3 MPH)
Bottom of the 7th over - 0 runs, 2 hits, 0 errors, 2 left on base; Pittsburgh 7 - Minnesota 5
TOP OF THE 8TH
Pittsburgh Pirates batting - Pitching for Minnesota Twins : LHP Waldo Tanner
Now at 2B: Isiah Crudup
Now at 3B: Jordi Ortiz
Batting: RHB Gael Rumley 0-0: Fly out, F8 (Line Drive, 8RM, EV 85.6 MPH)
Batting: RHB David Dudley 0-0: Fly out, F7 (Line Drive, 7S, EV 104.4 MPH)
Batting: RHB Andy Kiser 0-0: Ball
1-0: Called Strike
1-1: SOLO HOME RUN (Flyball, 7D, EV 102.5 MPH), Distance : 380 ft
Batting: LHB P.J. Rey 0-0: Foul Ball, location: 7LSF
0-1: Ball
1-1: Foul Ball, location: 9LMF
1-2: Strikes out looking
Top of the 8th over - 1 run, 1 hit, 0 errors, 0 left on base; Pittsburgh 8 - Minnesota 5
BOTTOM OF THE 8TH
Minnesota Twins batting - Pitching for Pittsburgh Pirates : RHP Lucas Mills
Batting: RHB Samuel Everhart 0-0: Called Strike
0-1: Ball
1-1: Foul Ball, location: 23F
1-2: Ball
2-2: Ground out 3-1 (Groundball, 34S, EV 86.9 MPH)
Batting: LHB Archer Charles 0-0: Ground out 6-3 (Groundball, 6, EV 98.8 MPH)
Batting: RHB Zachary Dahdal 0-0: Foul Ball, location: 9LMF
0-1: Foul Ball, location: 9LMF
0-2: Ball
1-2: Ball
2-2: Foul Ball, location: 3DF
2-2: Ground out 6-3 (Groundball, 6, EV 82.5 MPH)
Bottom of the 8th over - 0 runs, 0 hits, 0 errors, 0 left on base; Pittsburgh 8 - Minnesota 5
TOP OF THE 9TH
Pittsburgh Pirates batting - Pitching for Minnesota Twins : LHP Waldo Tanner
Batting: LHB Eric Gehman 0-0: Ball
1-0: Ball
2-0: Foul Ball, location: 5DF
2-1: Ball
3-1: Called Strike
3-2: SINGLE (Groundball, 4D, EV 107.5 MPH)
Batting: RHB Chet Ross 0-0: Called Strike
0-1: Ball
1-1: DOUBLE (Flyball, 7LM, EV 100.0 MPH)
Eric Gehman to third
Batting: LHB Domingo Andres 0-0: Called Strike
0-1: Foul Ball, location: 9LSF
0-2: Ball
1-2: Fly out, F7 (Line Drive, 7D, EV 86.3 MPH)
Runner from 3rd tags up, SCORES, throw by LF
Chet Ross to third
Batting: RHB Caleb Phillips 0-0: Called Strike
0-1: Swinging Strike
0-2: Foul Ball, location: 2F
0-2: Ball
1-2: Ball
2-2: Strikes out looking
Pitching: RHP Brian Daniels
Batting: RHB Uriel Roberts 0-0: Ball
1-0: Ball
2-0: Called Strike
2-1: Foul Ball, location: 9LMF
2-2: Ball
3-2: Base on Balls
Batting: RHB Gael Rumley 0-0: Foul Ball, location: 2F
0-1: Called Strike
0-2: Ground out 5-3 (Groundball, 56S, EV 90.0 MPH)
Top of the 9th over - 1 run, 2 hits, 0 errors, 2 left on base; Pittsburgh 9 - Minnesota 5
BOTTOM OF THE 9TH
Minnesota Twins batting - Pitching for Pittsburgh Pirates : RHP Lucas Mills
Pitching: RHP Caleb Fineman
Batting: LHB Stanfield Reaves 0-0: Ball
1-0: Ball
2-0: Foul Ball, location: 2F
2-1: Ball
3-1: Called Strike
3-2: Ground out 6-3 (Groundball, 6, EV 106.9 MPH)
Batting: RHB Raul Cathey 0-0: Called Strike
0-1: Ball
1-1: Foul Ball, location: 23F
1-2: Ball
2-2: Strikes out looking
Batting: LHB Jake Sacco 0-0: Called Strike
0-1: Ball
1-1: Ball
2-1: Ball
3-1: Foul Ball, location: 7LSF
3-2: Strikes out swinging
Bottom of the 9th over - 0 runs, 0 hits, 0 errors, 0 left on base; Pittsburgh 9 - Minnesota 5
Friday, April 19th , 2024 - OOTP Baseball 24.11 Build 85